[Event "87th Spanish Championship 2022"]
[Site "Linares"]
[Date "2022.08.11"]
[Round "1.10"]
[White "Gines Esteo, Pedro Antonio"]
[Black "Bermudez Ureba, Juan Diego"]
[Result "1-0"]
[ECO "A05"]
[WhiteElo "2455"]
[BlackElo "2198"]
[Annotator "TA"]
[PlyCount "33"]
[EventDate "2022.08.11"]
[EventType "swiss"]
[EventCountry "ESP"]
[SourceTitle "playchess.com"]
[Source "ChessBase"]
[SourceQuality "1"]
[TimeControl "5400+30"]

1. Nf3 Nf6 2. g3 b6 3. Bg2 Bb7 4. O-O e6 5. c4 c5 6. d4 cxd4 7. Qxd4 Nc6 8. Qf4 Ne7 {[%emt 0:00:04] The old main line. A30: Symmetrical English: Double Fianchetto and Hedgehog.} 9. Nc3 Ng6 10. Qd4 Bc5 {[%emt 0:00:51] The position is equal.} 11. Qd3 d5 (11... O-O $11) 12. cxd5 $14 Nxd5 {[%emt 0:00:37] [#]} 13. h4 $146 (13. Qb5+ $1 $16 Kf8 14. Rd1) ({Predecessor:} 13. Qb5+ Qd7 14. Qxd7+ Kxd7 15. Rd1 Ke7 16. Ne4 Rhc8 17. Nxc5 Rxc5 18. b3 Nc3 19. Rd2 {1-0 (41) L'Ami,E (2592)-Huschenbeth,N (2510) Germany 2011}) 13... Nxc3 $11 14. Qxc3 Qf6 15. Qd3 O-O 16. h5 Ne7 {[%emt 0:02:20][%mdl 8192] [#]} (16... Rad8 $1 $11 {and Black is okay.} 17. Bg5 Qxf3 18. Qxf3 (18. Bxf3 Rxd3 19. exd3 Bxf3 $11) 18... Bxf3 19. Bxf3 (19. Bxd8 Bxe2 20. Rfe1 Bxh5 $11) 19... f6) 17. Ng5 {[%emt 0:01:49] Weighted Error Value: White=0.16 (very precise) /Black=0.78} 1-0

[Event "87th Spanish Championship 2022"]
[Site "Linares"]
[Date "2022.08.11"]
[Round "1.11"]
[White "Rodriguez Lopez, Rafael"]
[Black "Narciso Dublan, Marc"]
[Result "1/2-1/2"]
[ECO "B04"]
[WhiteElo "2172"]
[BlackElo "2461"]
[Annotator "TA"]
[PlyCount "122"]
[EventDate "2022.08.11"]
[EventType "swiss"]
[EventCountry "ESP"]
[SourceTitle "playchess.com"]
[Source "ChessBase"]
[SourceQuality "1"]
[TimeControl "5400+30"]

1. e4 Nf6 2. e5 Nd5 3. d4 d6 4. Nf3 dxe5 5. Nxe5 g6 6. Bc4 Be6 7. Bb3 Bg7 8. O-O O-O 9. Re1 c6 10. c3 {[%emt 0:00:34] B04: Alekhine's Defence: 4 Nf3.} Nd7 11. Nf3 Bg4 12. h3 {[%emt 0:03:09] White is slightly better.} Bxf3 13. Qxf3 e5 14. Bxd5 cxd5 15. Qxd5 {[%emt 0:00:12] [#]} Re8 $146 ({Predecessor:} 15... exd4 16. cxd4 Nb6 17. Qxb7 Qxd4 18. Nc3 Nc4 19. Rd1 Qh4 20. Qf3 Rab8 21. b3 Qf6 22. Qxf6 Bxf6 {1-0 (52) Bator,R (2405)-Astrom,R (2260) Stockholm 1987}) 16. Qxb7 exd4 17. Rd1 Nc5 18. Qf3 Qb6 19. c4 ({Better is} 19. cxd4 $14 Ne6 20. Nc3) 19... Ne4 {[%emt 0:20:53][%mdl 1024] Black has compensation.} 20. Na3 (20. Nd2 $11 f5 21. Qb3) 20... Rad8 $1 $17 21. Rb1 d3 22. Be3 Qb4 23. c5 Bxb2 24. Nc4 Qxc4 25. Rxb2 Rd7 {[%emt 0:02:47] Against Rb7} 26. Rc1 Qd5 27. Rb3 (27. c6 $11 Rc7 28. Rd2) 27... Qc6 (27... d2 $17 28. Rd1 Qc4) 28. Rd1 $11 Red8 29. Bg5 f6 30. Be3 (30. Bxf6 Rf7 31. Rbxd3 Rxd3 32. Qxd3 Rxf6 33. Qc4+ Kg7 $17) (30. Bh6 $14) 30... Qa4 31. Bh6 (31. Qf4 $11) 31... Qxa2 (31... Nxc5 $17 32. Rc3 Qd4) 32. Rb4 Nxc5 33. Qxf6 {[%emt 0:00:47][%cal Ob4d4] aiming for Rd4!} Qe6 34. Qc3 Ne4 35. Qe1 Re8 36. Qe3 d2 37. Rd4 Nc5 (37... a5 $11) 38. Rxd7 $16 (38. R1xd2 $6 Qxe3 39. fxe3 Rb7 $14) 38... Nxd7 39. Qxd2 ({Much less strong is} 39. Rxd2 Qxe3 40. Bxe3 Nb6 $16) 39... Nf6 40. Qd4 a6 (40... Qf7 $16 {is a better defense.} 41. Ra1 Re4 42. Qxa7 Qxa7 43. Rxa7 Ne8) 41. Qa7 $18 Qf7 {[%emt 0:00:44] Inhibits Qg7+.} 42. Qxa6 {[%emt 0:00:17] And now Rd3 would win.} Ne4 43. Qb6 {[%emt 0:00:31] Hoping for Rd8.} Qf6 {[%emt 0:00:42] Prevents Rd8.} 44. Qa7 {[%emt 0:00:34] Threatens to win with Rd7.} g5 45. f3 $2 (45. Qa2+ $18 Qe6 46. Qd5) 45... Nc3 46. Qd7 Rb8 (46... Qe5 $14) 47. Qc7 Re8 48. Rd6 ({White must play} 48. Qd6 $1 $18 Kf7 49. Qxf6+ Kxf6 50. Rd6+ Ke5 51. Rc6 Ne2+ 52. Kf2) 48... Re1+ $2 (48... Ne2+ $11 49. Kf2 Qe5) 49. Kf2 $16 Ne4+ 50. Kxe1 {[%emt 0:00:07] Intending Rd8+ and mate. Dancing on a razor blade.} Nxd6 {[%emt 0:00:02] [#]} 51. Bxg5 Qxg5 52. Qxd6 (52. Qb8+ {is more complex.} Kf7 53. Qxd6 Qxg2 54. Qf4+) 52... Qxg2 {[%emt 0:00:10][%mdl 4096] Endgame KQ-KQ} 53. Qe6+ Kf8 54. Qf5+ Ke8 55. f4 ({But not} 55. Qxh7 $6 Qxf3 56. Qh4 Qe3+ 57. Kf1 Qd3+ 58. Kg2 Qe2+ 59. Kh1 Qd1+ 60. Kh2 Qe2+ 61. Kg1 Qd1+ 62. Kf2 Qd2+ 63. Kf3 Qd3+ 64. Kg4 Qe4+ 65. Kh5 Qxh4+ 66. Kxh4 Kf8 $11) ({White should try} 55. Qg4 $16 Qa2 56. Qf4) 55... Qf3 {[%emt 0:01:13] [#]} (55... Qg1+ $11 {keeps the balance.} 56. Ke2 Qg2+ 57. Ke1 Qg3+ 58. Ke2 Qg2+ 59. Kd3 Qf3+ 60. Kd4 Qf2+ 61. Kc4 Qf1+ 62. Kd4 Qf2+ 63. Kd3 Qf3+ 64. Kd2 Qf2+ 65. Kc3 Qe1+ 66. Kd4 Qf2+) 56. Kd2 ({Reject} 56. Qxh7 $6 Qxf4 57. Ke2 Qc4+ 58. Ke3 Qe6+ 59. Qe4 Qxe4+ 60. Kxe4 Kf8 $11) ({White has to play} 56. Qg4 $1 $16 Qd5 57. Kf2) 56... h5 $11 {[%emt 0:00:23] The position is equal.} 57. Qe6+ Kf8 58. Qe3 Qd5+ 59. Ke2 Qg2+ 60. Ke1 {[%emt 0:00:07] Strongly threatening Qc5+.} Kf7 61. f5 Qh1+ {[%emt 0:00:25] White really could win this.  Weighted Error Value: White=0.30/Black=0.31} 1/2-1/2

[Event "87th Spanish Championship 2022"]
[Site "Linares"]
[Date "2022.08.11"]
[Round "1.12"]
[White "Ladron De Guevara Pinto, Paolo"]
[Black "Ilinca Ilinca, Felix Antonio"]
[Result "1-0"]
[ECO "B40"]
[WhiteElo "2444"]
[BlackElo "2162"]
[Annotator "TA"]
[PlyCount "111"]
[EventDate "2022.08.11"]
[EventType "swiss"]
[EventCountry "ESP"]
[SourceTitle "playchess.com"]
[Source "ChessBase"]
[SourceQuality "1"]
[TimeControl "5400+30"]

1. e4 c5 2. Nf3 e6 3. d4 cxd4 4. Nxd4 Nf6 5. Nc3 Nc6 6. a3 d5 7. Bb5 $1 {[%emt 0:00:35] 7.Bb5 scores better than 7.exd5.} Bd7 8. exd5 exd5 9. O-O {[%emt 0:00:11] B45: Sicilian Four Knights.} Be7 10. Re1 O-O 11. h3 {[%emt 0:01:16] [#] The position is equal.} Re8 $146 ({Predecessor:} 11... a6 12. Ba4 Nxd4 13. Qxd4 Bxa4 14. Qxa4 Bc5 15. Bg5 h6 16. Bh4 g5 17. Bg3 b5 {0-1 (36) Karjakin,S (2752)-Grachev,B (2612) Chess.com INT 2020}) 12. Bg5 h6 13. Bh4 a6 14. Bf1 Qb6 15. Nf3 {[%emt 0:16:01] Black must now prevent Bxf6.} d4 (15... Qxb2 $2 16. Na4 Qxa1 17. Qxa1 $18) 16. Bxf6 Bxf6 (16... gxf6 $2 17. Nd5 Qd8 18. Nxd4 $18) 17. Nd5 {[%emt 0:00:25] Pair of Knights!} Qd8 18. Rxe8+ (18. Qd3 {looks sharper.} Ne5 19. Nxf6+ Qxf6 20. Rxe5 Rxe5 21. Nxe5 Qxe5 22. Rd1) 18... Bxe8 19. Nxf6+ Qxf6 20. Qd3 Rd8 21. Qb3 b5 22. a4 Ne5 23. Nxe5 (23. axb5 {feels hotter.} Nxf3+ 24. Qxf3 Qxf3 25. gxf3 Bxb5 26. Bd3) 23... Qxe5 24. axb5 Bxb5 25. Bxb5 axb5 $11 {[%emt 0:00:59][%mdl 4096] Endgame KQR-KQR} 26. Qd3 Rc8 {[%emt 0:01:43] Against c3} 27. Rd1 g6 28. b3 Rc3 29. Qxd4 Qxd4 30. Rxd4 Rxc2 {[%emt 0:00:24] KR-KR} 31. Rd5 b4 (31... Rc1+ $11 32. Kh2 Rc2) 32. Rd4 $16 Rc1+ 33. Kh2 Rc2 34. f4 ({Reject} 34. Rxb4 Rxf2 35. Kg3 Rb2 $11) (34. f3 $14) 34... Kg7 $11 35. Rxb4 g5 36. fxg5 hxg5 37. Rc4 Rb2 38. Rc3 Kg6 39. Kg3 f6 40. Kf3 Kh5 $2 {[%emt 0:01:04][%mdl 8192] [#] Black cannot hold the game after this.} (40... f5 $1 $11) 41. g4+ $1 $18 Kg6 {[%emt 0:01:01] [#]} 42. Ke4 {[%emt 0:00:07] Prevents f5+.} Re2+ (42... Kf7 $142 43. Kd4 Rf2) 43. Kd4 {[%emt 0:01:10] Threatens to win with b4.} Rd2+ 44. Rd3 Rb2 45. Kc4 Kf7 46. b4 Ke6 47. b5 f5 48. gxf5+ Kxf5 49. Rb3 {[%emt 0:01:27] White mates.} Rc2+ 50. Kd5 Rd2+ 51. Kc6 Rc2+ 52. Kb7 g4 53. hxg4+ Kxg4 54. b6 Kf5 55. Ka6 Ra2+ 56. Kb5 {[%emt 0:00:05] Weighted Error Value: White=0.05 (flawless) /Black=0.43} 1-0

[Event "87th Spanish Championship 2022"]
[Site "Linares"]
[Date "2022.08.11"]
[Round "1.13"]
[White "Horcajuelo Rocamora, Martin"]
[Black "Garrido Outon, Alex"]
[Result "1-0"]
[ECO "E73"]
[WhiteElo "2107"]
[BlackElo "2436"]
[Annotator "TA"]
[PlyCount "91"]
[EventDate "2022.08.11"]
[EventType "swiss"]
[EventCountry "ESP"]
[SourceTitle "playchess.com"]
[Source "ChessBase"]
[SourceQuality "1"]
[TimeControl "5400+30"]

1. d4 Nf6 2. c4 g6 3. Nc3 Bg7 4. e4 d6 5. Be2 O-O 6. Be3 e5 7. d5 Na6 8. h4 Nc5 {[%emt 0:00:25] E73: King's Indian: Averbakh Variation without 6...c5.} 9. Qc2 c6 10. h5 cxd5 {[%emt 0:00:19] White is slightly better.} 11. cxd5 ({But not} 11. h6 d4 12. hxg7 Re8 $15) 11... Qa5 {[%emt 0:00:14] [#] Threatens to win with ...Ncxe4.} 12. h6 Bh8 13. f3 Nh5 {[%emt 0:00:15] [#]} 14. g4 $146 (14. Rb1 $14 Na6 15. g4) ({Predecessor:} 14. Rxh5 gxh5 15. Qd2 Bf6 16. f4 Nb3 17. axb3 Qxa1+ 18. Kf2 Kh8 19. Bxh5 Bd7 20. fxe5 dxe5 {1-0 (41) Gunina,V (2471)-Kashlinskaya,A (2490) Chess.com INT 2021}) 14... Nf4 (14... Ng3 $5 15. Rh2 Bd7 $11) 15. Kf2 {[%emt 0:14:24] Inhibits Ng2.} (15. Bf1 $11) 15... f5 $1 $15 16. gxf5 gxf5 17. Rb1 (17. a3 $15 fxe4 18. fxe4 Nxd5+ 19. Nf3 Nxc3 20. Rhg1+ Kf7 21. bxc3) 17... fxe4 $17 18. Bxf4 (18. fxe4 $17 {was worth a try.} Nxe4+ 19. Nxe4 (19. Qxe4 $2 Bf5 $19) 19... Nxe2+ 20. Kg2 Nf4+ 21. Bxf4 Rxf4 22. Nh3 Bxh3+ 23. Rxh3 Qxd5 24. Re3) 18... Rxf4 ({Stronger than} 18... exf4 19. Nxe4 Bf5 20. Bd3 $17) 19. b4 Nd3+ $4 {[%emt 0:00:30][%mdl 8192] [#]} (19... e3+ $1 $19 {and life is good for Black.} 20. Kg2 Rxb4 21. Rxb4 Qxb4) 20. Qxd3 $3 $18 {[%emt 0:01:39][%mdl 512] White now steadily converts the win.} exd3 (20... Qb6+ 21. Qe3) 21. bxa5 dxe2 22. Ngxe2 Rf6 (22... Rf7 {is a better defense.}) 23. Ne4 Rg6 24. N2g3 Kf8 25. Rbc1 {[%emt 0:02:42] And now Rc7 would win.} Bd7 26. Rc7 $1 Ke8 27. Rxb7 a6 28. Rc1 Rxh6 29. Rcc7 Rd8 30. Rb6 Rh2+ 31. Kg1 Rxa2 32. Nxd6+ Kf8 33. Rbb7 {[%emt 0:02:06] Threatening mate with Ngf5.} Ra1+ 34. Kf2 {[%emt 0:00:50] Dancing on a razor blade.} Ra2+ 35. Ne2 Ke7 36. Ne4 Rxa5 37. N2c3 {[%emt 0:02:50] Pair of Knights!} Ke8 (37... h5 {keeps fighting.} 38. d6+ Ke8) 38. d6 Bg7 $2 (38... h5 39. Nc5 Rxc5) 39. Kg3 {[%emt 0:01:24] Black must now prevent Nc5.} h5 $2 (39... Bf8 {was called for.} 40. Ra7 Bg7) 40. Kh4 Ra3 $2 (40... Bh8 41. Kxh5 Ra1) 41. Kxh5 {[%emt 0:01:02] White is clearly winning.} Ra1 42. Nd5 Rh1+ 43. Kg5 Rg1+ 44. Kh4 Rh1+ 45. Kg3 {[%emt 0:00:06] aiming for Nb6.} Rh6 46. Nb6 {[%emt 0:00:16] Weighted Error Value: White=0.40/Black=0.67} 1-0

[Event "87th Spanish Championship 2022"]
[Site "Linares"]
[Date "2022.08.11"]
[Round "1.14"]
[White "Plazuelo Pascual, Juan"]
[Black "Serrano Almendros, Alejandro"]
[Result "1-0"]
[ECO "D35"]
[WhiteElo "2448"]
[BlackElo "2177"]
[Annotator "TA"]
[PlyCount "59"]
[EventDate "2022.08.11"]
[EventType "swiss"]
[EventCountry "ESP"]
[SourceTitle "playchess.com"]
[Source "ChessBase"]
[SourceQuality "1"]
[TimeControl "5400+30"]

1. d4 e6 2. c4 d5 3. Nc3 Nf6 4. cxd5 exd5 5. Bg5 c6 6. e3 Be6 {[%emt 0:00:25] 6...Bd6 is a critical line. D35: Queen's Gambit Declined: Exchange Variation.} 7. Bd3 Nbd7 8. h3 Be7 {[%emt 0:02:26] White is slightly better.} 9. Nge2 h6 10. Bh4 O-O 11. O-O c5 12. dxc5 {[%emt 0:01:12] White is more active.} Nxc5 {[%emt 0:00:42] [#]} 13. Bc2 $146 ({Predecessor:} 13. Rc1 Nxd3 14. Qxd3 Rc8 15. Rfd1 Qa5 16. Nd4 Rfd8 17. a3 a6 18. Rc2 Qb6 19. Rdc1 {½-½ (78) Tang,A (2538)-Bortnyk,M (2473) Chess.com INT 2020}) 13... Qb6 14. Rb1 Rac8 (14... Nce4 $11 {is superior.}) 15. Bxf6 $16 Bxf6 16. Nxd5 Bxd5 17. Qxd5 Rfd8 {[%emt 0:02:01] [#]} 18. Qf3 ({Reject} 18. Qf5 g6 19. Qf4 Bg7 $11) 18... Nd3 19. Bb3 Qc6 20. Qh5 Rc7 21. Ng3 (21. Rfd1 $16) 21... Nxb2 $2 (21... Bxb2 $14 22. Rfd1 Bf6) 22. Rbc1 Qb6 23. Ne4 Re7 24. Qf5 Be5 $2 (24... Nd3 $2 25. Rc8 Rxe4 26. Rxd8+ Qxd8 27. Qxe4) (24... Rde8 $16) 25. Rc8 $18 {[%emt 0:03:24] And now Rfc1 would win.} ({Weaker is} 25. Bxf7+ Rxf7 26. Qxe5 Nd3 $17) 25... Rxc8 26. Qxc8+ Kh7 {[%emt 0:00:03] [#]} 27. Rc1 $2 (27. Qf8 $1 $18 {[%cal Rf8e7] and the rest is easy.} Qc7 28. f4) 27... Qb5 $2 (27... Rc7 $16 28. Rxc7 Qxc7 29. Qxc7 Bxc7) 28. Rc5 Qb4 {[%emt 0:02:44] [#]} (28... Qe8 $18 29. Qg4 (29. Qxe8 Rxe8 30. Bxf7 Re7 $16) 29... Qf8 30. Ng5+ hxg5) 29. Rxe5 $1 Rxe5 {[%emt 0:00:29] [#]} (29... Nd3 30. Qf5+) 30. Bxf7 $1 {[%emt 0:00:33] Weighted Error Value: White=0.13 (very precise) /Black=0.84} 1-0

[Event "87th Spanish Championship 2022"]
[Site "Linares"]
[Date "2022.08.11"]
[Round "1.15"]
[White "Fernandez Garcia, Gumersindo"]
[Black "Garcia Ramos, Daniel"]
[Result "1/2-1/2"]
[ECO "D35"]
[WhiteElo "2160"]
[BlackElo "2438"]
[Annotator "TA"]
[PlyCount "143"]
[EventDate "2022.08.11"]
[EventType "swiss"]
[EventCountry "ESP"]
[SourceTitle "playchess.com"]
[Source "ChessBase"]
[SourceQuality "1"]
[TimeControl "5400+30"]

1. d4 d5 2. c4 e6 3. Nc3 Nf6 4. cxd5 exd5 5. Bg5 c6 6. e3 h6 7. Bh4 Be7 8. Bd3 O-O 9. Qc2 Re8 10. Nge2 a5 {[%emt 0:00:08] D36: Queen's Gambit Declined: Exchange Variation: Main line (5 Bg5 c6 6 Qc2).} 11. O-O Na6 12. a3 {[%emt 0:00:47] Against Nb4} Nc7 {[%emt 0:00:07] White has an edge.} 13. f3 c5 {[%emt 0:00:13][%cal Bc6c5,Bc5c4][%mdl 32] [#]} 14. Rad1 $146 (14. dxc5 $11 Bxc5 15. Nd1 (15. Bh7+ Kh8 $11)) ({Predecessor:} 14. a4 c4 15. Bf5 Na6 16. Bxc8 Nb4 17. Qd2 Qxc8 18. Nb5 Qd7 19. Nec3 Rad8 20. Rad1 {0-1 (61) Wojtaszek,R (2686)-Bluebaum,M (2642) Warsaw 2021}) 14... c4 $15 15. Bf5 b5 16. Bxc8 Rxc8 17. e4 b4 (17... dxe4 $5 18. Bxf6 Bxf6 $11) 18. axb4 (18. Na4 $11 {might be stronger.}) 18... axb4 19. Na4 dxe4 20. Bxf6 Bxf6 21. fxe4 b3 (21... Ne6 $17 22. e5 Bg5) 22. Qxc4 $11 {[%emt 0:07:16] Qd3 is the strong threat.} Rxe4 {[%emt 0:01:09] Strongly threatening ...Nd5.} 23. Nac3 {[%emt 0:12:52] Inhibits Nd5. Pair of Knights!} Re3 24. Qxb3 Rb8 25. Qc2 Nd5 26. Nxd5 Qxd5 27. Nc3 Qb7 28. Qf2 Ree8 29. b4 Qc6 30. Qf3 Qxf3 31. Rxf3 Red8 ({Don't do} 31... Rxb4 32. Rxf6 $1 gxf6 33. Nd5 $14) 32. b5 Rxd4 33. Rxd4 (33. Rb1 $1 $11 {deserves consideration.}) 33... Bxd4+ $15 34. Kf1 Bxc3 35. Rxc3 Rxb5 {[%emt 0:00:06][%mdl 4096] Endgame KR-KR} 36. Rc8+ Kh7 37. Rc7 Kg6 38. Kf2 Rf5+ 39. Kg3 Ra5 40. h3 Ra3+ 41. Kf2 f5 42. Rc6+ Kg5 43. Rc7 g6 44. Rc6 Ra4 45. Kf3 (45. g3 $1 $15) 45... Rf4+ (45... h5 $17 46. Rd6 h4) 46. Kg3 Rf1 47. Rc5 $1 Kh5 48. Kh2 Rf2 49. Kg3 Ra2 50. Rb5 Ra3+ 51. Kf2 Kg5 52. Rc5 (52. g3 $15) 52... Ra6 ({Better is} 52... h5 $17 53. Rc6 Ra2+ 54. Kf3 h4) 53. Kf3 {[%emt 0:00:42] [#]} (53. g3 $15) 53... Kf6 ({Black should try} 53... h5 $1 $17 54. Rb5 h4) 54. h4 Ra3+ 55. Kf2 f4 56. Rb5 Rg3 57. Rb6+ Kf5 58. h5 g5 59. Rxh6 Kg4 60. Rh8 Ra3 {[%emt 0:00:05] aiming for ...Ra2+.} 61. h6 Ra2+ 62. Kf1 Ra1+ 63. Kf2 Ra2+ 64. Kf1 Ra7 65. Kf2 Kh5 66. h7 Kg4 67. Kf1 Rb7 68. Kf2 Ra7 69. Kf1 Kh5 70. Kf2 Kh6 71. Kf3 Rb7 72. Ke4 {Weighted Error Value: White=0.11 (very precise) /Black=0.10 (very precise)} 1/2-1/2

[Event "87th Spanish Championship 2022"]
[Site "Linares"]
[Date "2022.08.11"]
[Round "1.16"]
[White "Gonzalez Perez, Arian"]
[Black "Garcia Fernandez, Victor"]
[Result "1-0"]
[ECO "D33"]
[WhiteElo "2418"]
[BlackElo "2158"]
[Annotator "TA"]
[PlyCount "80"]
[EventDate "2022.08.11"]
[EventType "swiss"]
[EventCountry "ESP"]
[SourceTitle "playchess.com"]
[Source "ChessBase"]
[SourceQuality "1"]
[TimeControl "5400+30"]

1. d4 d5 2. c4 e6 3. Nc3 c5 4. cxd5 exd5 5. Nf3 Nf6 6. g3 Nc6 7. Bg2 cxd4 {[%emt 0:00:09] is the new trend.} 8. Nxd4 Bc5 9. Nb3 Bb6 {[%emt 0:00:10] D33: Tarrasch Defence: 6 g3 sidelines.} 10. O-O ({Much worse is} 10. Bxd5 Nb4 11. Bf3 Qxd1+ 12. Kxd1 Ng4 13. Bxg4 Bxg4 $11) 10... d4 11. Na4 O-O {[%emt 0:00:09] The position is equal.} 12. Nxb6 axb6 13. e3 d3 14. Bd2 Bg4 {[%emt 0:09:04] [#]} 15. f3 $146 ({Predecessor:} 15. Qb1 Qd7 16. Bc3 Bh3 17. Bxh3 Qxh3 18. Bxf6 gxf6 19. Qxd3 Ne5 20. Qe4 Qh5 21. Qg2 {1-0 (36) Rangel,D (2210)-Kett,T (2178) Chess.com INT 2021}) 15... Be6 16. Bc3 Nd5 (16... Bc4 $15) 17. Qxd3 $14 Ndb4 18. Qxd8 Rfxd8 19. Bxb4 Nxb4 20. Nd4 {[%emt 0:00:11] Inhibits Nc2.} Bxa2 21. Rfd1 Bd5 22. Rxa8 Rxa8 23. f4 Bxg2 24. Kxg2 {[%emt 0:00:32][%mdl 4096] Endgame KRN-KRN} g6 25. Kf3 Ra2 26. Rd2 Kf8 27. Nb5 Na6 28. g4 {[%emt 0:13:53] White is more active.} (28. Nc3 $16 Ra1 29. e4) 28... Nc5 29. Nc3 Ra1 30. b4 Ra3 {[%emt 0:05:40] [#]} ({Black should play} 30... Na6) 31. Nd5 $1 $16 ({Don't take} 31. bxc5 $6 Rxc3 32. cxb6 Rb3 $14) 31... Nd7 (31... Na6 $16 32. b5 Nc5) 32. Rc2 $18 Rd3 $2 (32... f5 {is a better chance.} 33. gxf5 gxf5) 33. Ke4 Rd1 34. g5 Kg7 35. Rc7 $1 Nf8 36. Rxb7 Rh1 37. Nxb6 {[%emt 0:00:55] White is clearly winning.} Rxh2 38. Nc4 Kg8 39. Ne5 {[%emt 0:01:01] [#] Hoping for Ng4.} Rb2 40. Nxf7 {[%emt 0:00:14] Ke5 is the strong threat.} Ne6 {[%emt 0:01:00] Weighted Error Value: White=0.09 (flawless) /Black=0.32} 1-0

[Event "87th Spanish Championship 2022"]
[Site "Linares"]
[Date "2022.08.11"]
[Round "1.17"]
[White "Gomez Carreno, Martin"]
[Black "Moreno Ruiz, Javier"]
[Result "1/2-1/2"]
[ECO "B45"]
[WhiteElo "2155"]
[BlackElo "2428"]
[Annotator "TA"]
[PlyCount "142"]
[EventDate "2022.08.11"]
[EventType "swiss"]
[EventCountry "ESP"]
[SourceTitle "playchess.com"]
[Source "ChessBase"]
[SourceQuality "1"]
[TimeControl "5400+30"]

1. e4 c5 2. Nc3 e6 3. Nf3 Nc6 4. d4 cxd4 5. Nxd4 Nf6 6. g3 d5 7. Bg2 Qb6 8. Nb3 {[%emt 0:08:30][%cal Re4d5] B45: Sicilian Four Knights.} d4 9. e5 Nd7 (9... dxc3 {is more complex.} 10. exf6 Qb5 11. Rb1 cxb2 12. Bxb2 e5) 10. Ne2 {[%emt 0:02:23][%cal Re2d4] White has an edge.} Bb4+ (10... Ncxe5 11. Nexd4 Be7 12. O-O $16) 11. c3 dxc3 12. bxc3 Be7 13. Be3 Qc7 14. f4 b6 {[%emt 0:02:10] [#]} 15. Nbd4 $146 ({Predecessor:} 15. Ned4 Bb7 16. Nb5 Qc8 17. O-O O-O 18. Nd6 Bxd6 19. Qxd6 Rd8 20. Qa3 Nf8 21. c4 {½-½ (47) Stanojoski,Z (2455)-Vasovski,N (2309) Gevgelija 2002}) 15... Bb7 {[%emt 0:00:49] aiming for ...Nxd4.} 16. Nb5 Qb8 (16... Qc8 $5 17. O-O Na5 18. Bxb7 Qxb7 $11) 17. O-O Na5 18. Bxb7 Qxb7 19. Nd6+ Bxd6 20. Qxd6 ({Don't play} 20. exd6 O-O 21. Nd4 Nc4 $17) 20... Qe4 21. Qd4 Nc5 22. Qxe4 Nxe4 23. Kg2 Nc4 {[%emt 0:02:41] Pair of Knights!} 24. Bd4 f5 25. exf6 $1 gxf6 26. Ng1 Kf7 27. Nf3 Rhg8 28. Rfe1 Ned6 29. Bf2 Nf5 30. Rad1 Rad8 {[%emt 0:01:09] Inhibits Rd7+.} 31. Rxd8 Rxd8 32. g4 Ne7 33. Bd4 (33. Re4 $11 Nd6 34. Ra4) 33... Rd5 (33... Nd5 $17 34. Kg3 Nd6) 34. g5 f5 (34... Ng6 $15 35. Bxf6 Nxf4+ 36. Kg1 Nh3+ 37. Kg2 Nf4+ 38. Kg1 Nh3+ 39. Kg2 Nf4+) 35. h4 $1 $14 {[%emt 0:00:55] Threatens to win with h5.} Ra5 $2 {[%emt 0:04:31] [#]} (35... Nd6 $11 {and Black is okay.}) 36. Re2 $2 (36. h5 $1 $18) 36... Ng6 $11 37. Kg3 Nd6 38. Ne5+ Nxe5 39. Rxe5 {[%emt 0:00:05][%mdl 4096] Endgame KRB-KRN} (39. Bxe5 $11 Ne4+ 40. Kf3) 39... Ne4+ $15 ({Worse is} 39... Rxa2 40. Re1 $17) 40. Kf3 Rxa2 {[%emt 0:00:29] ...Rh2 is the strong threat.} 41. h5 $1 Ra3 42. g6+ {[%emt 0:01:04][%mdl 64] [#] Decoy} hxg6 43. hxg6+ Kxg6 44. Rxe6+ Kf7 45. Re5 Ra5 (45... Nd6 $1 $15) 46. Rxa5 $11 {[%emt 0:01:21] The position is equal.} bxa5 {[%emt 0:00:01] KB-KN} 47. Ke3 {[%emt 0:00:43] Prevents Nd2.} Ke6 {[%emt 0:00:18] Strongly threatening ...Kd5.} 48. Kd3 a6 49. c4 Kd6 50. Bb2 Nc5+ 51. Ke3 Ne6 52. Ba3+ Kc6 53. Be7 a4 54. Bb4 Kb6 55. Ba3 Kc7 56. Be7 Kd7 57. Ba3 Ke8 58. Bd6 Kd7 59. Ba3 Kc6 60. Bb4 Kb6 61. Ba3 Kb7 62. Be7 a5 63. Bd6 Nd8 64. Kd4 Nc6+ 65. Kc3 Kc8 66. Bc5 Kd7 67. Kb2 Nb4 {[%emt 0:00:57] Hoping for ...Nd3+.} 68. Ka3 Nd3 69. Be3 Kc6 70. Kxa4 Nb2+ 71. Kb3 Nd3 {[%emt 0:00:08] Weighted Error Value: White=0.15 (very precise) /Black=0.22 (precise)} 1/2-1/2